[Event "Early-Titled-Tuesday-Blitz-March-12-2024"]
[Site "Chess.com"]
[Date "2024.03.12"]
[Round "7"]
[White "santosalberto1987"]
[Black "ChessQueen"]
[Result "0-1"]
[WhiteElo "2575"]
[BlackElo "2762"]
[TimeControl "180+1"]
[EndTime "9:14:51 PDT"]
[Termination "ChessQueen won by resignation"]

1. e4 c6 2. c4 d5 3. exd5 cxd5 4. cxd5 Nf6 5. Qa4+ Nbd7 6. Bc4 g6 7. Nc3 Bg7 8. Nf3 O-O 9. O-O a6 10. Qa3 Rb8 11.
Bb3 b5 12. Qb4 a5 13. Qh4 a4 14. Bc2 Nb6 15. d4 Nbxd5 16. Bh6 Nxc3 17. bxc3 Bb7 18. Bxg7 Kxg7 19. Ne5 Qc7 20. Qg3 Rfc8 21. c4 bxc4 22.
Bxa4 c3 23. Bb3 Bd5 24. Bxd5 Nxd5 25. Qf3 Nf6 26. Rfc1 Rb2 27. a4 Rd2 28. Qf4 Qd6 29. Rd1 Rxd1+ 30. Rxd1 Rc4 31. Qe3 c2 32. Rc1 Rxd4 33. h3 Rd1+ 34. Kh2 Rxc1 0-1

[Event "Early-Titled-Tuesday-Blitz-March-12-2024"]
[Site "Chess.com"]
[Date "2024.03.12"]
[Round "7"]
[White "Misterfox120"]
[Black "electrosaw"]
[Result "0-1"]
[WhiteElo "2402"]
[BlackElo "2561"]
[TimeControl "180+1"]
[EndTime "9:14:52 PDT"]
[Termination "electrosaw won by resignation"]

1. d4 b6 2. Bf4 Bb7 3. Nc3 g6 4.
e4 Bg7 5. Nf3 d6 6. Be2 a6 7. h4 h6 8. a4 Nd7 9. Be3 e6 10. Qd2 Ne7 11. O-O f5 12. Bd3 Nf6 13. e5 Nfd5 14. Nxd5 Bxd5 15. Be2 Bb7 16. Rfd1 Nd5 17.
c4 Nxe3 18. Qxe3 O-O 19. exd6 Qxd6 20. Ne5 f4 21. Qc3 c5 22. Nxg6 f3 23. Bxf3 Bxf3 24.
gxf3 Bxd4 25. Nxf8 Qg3+ 26. Kh1 Qh3+ 27. Kg1 Bxc3 0-1

[Event "Early-Titled-Tuesday-Blitz-March-12-2024"]
[Site "Chess.com"]
[Date "2024.03.12"]
[Round "7"]
[White "SharapovEvgeny"]
[Black "mikheeva86"]
[Result "1/2-1/2"]
[WhiteElo "2519"]
[BlackElo "2281"]
[TimeControl "180+1"]
[EndTime "9:15:09 PDT"]
[Termination "Game drawn by repetition"]

1. e4 e5 2. Nf3 Nc6 3. Bb5 Nf6 4. d3 Bc5 5. c3 O-O 6. O-O d6 7. h3 a6 8. Ba4 h6 9. Re1 Bb6 10.
Nbd2 Ne7 11. Nf1 Ng6 12. Be3 c6 13. Ng3 Re8 14. Nh2 Nf4 15. Qf3 Nxd3 16. Re2 Bxe3 17. fxe3 Nc5 18. Bc2 Qb6 19. b4 Ne6 20. Nf5 Qd8 21.
Rf1 Ng5 22. Nxh6+ gxh6 23. Qxf6 Qxf6 24. Rxf6 Re6 25. Rf1 a5 26. Bb3 Re7 27. bxa5 Rxa5 28. Rf6 Kg7 29. Ref2 Be6 30. Bxe6 Rxe6 31. Ng4 Rxf6 32.
Nxf6 Kf8 33. h4 Ne6 34. Ng4 Kg7 35.
Nf6 Kf8 36. Ng4 Kg7 37. Nf6 Kf8 1/2-1/2

[Event "Early-Titled-Tuesday-Blitz-March-12-2024"]
[Site "Chess.com"]
[Date "2024.03.12"]
[Round "7"]
[White "Mr_ruthless"]
[Black "Witty_Alien"]
[Result "1-0"]
[WhiteElo "2474"]
[BlackElo "2326"]
[TimeControl "180+1"]
[EndTime "9:15:10 PDT"]
[Termination "Mr_ruthless won by checkmate"]

1. e4 c5 2. Nf3 d6 3. d4 cxd4 4. Nxd4 Nf6 5. Nc3 a6 6. f3 e5 7.
Nb3 Be6 8. Be3 Nbd7 9. Qd2 Be7 10. O-O-O b5 11. g4 Nb6 12. Qf2 Nfd7 13. Nd5 Bxd5 14. exd5 Nc4 15. h4 Nxe3 16. Qxe3 Bxh4 17. Kb1 Bg5 18. Qe4 Rc8 19. Rxh7 Rxh7 20. Qxh7 Qf6 21. Bd3 Qxf3 22. Rf1 Qxg4 23. Qg8+ Ke7 24. Rxf7# 1-0

[Event "Early-Titled-Tuesday-Blitz-March-12-2024"]
[Site "Chess.com"]
[Date "2024.03.12"]
[Round "7"]
[White "jaskol95"]
[Black "Mysterio47"]
[Result "0-1"]
[WhiteElo "2572"]
[BlackElo "2753"]
[TimeControl "180+1"]
[EndTime "9:15:11 PDT"]
[Termination "Mysterio47 won by resignation"]

1. e4 e5 2. Nf3 Nc6 3. Bc4 Nf6 4. Ng5 d5 5. exd5 Na5 6. Bb5+ c6 7. dxc6 bxc6 8. Bd3 Nd5 9. Nf3 Bd6 10. Nc3 O-O 11. Ne4 Bc7 12. Be2 f5 13. Nc3 e4 14. Ng1 Qe7 15.
Nxd5 cxd5 16. d4 f4 17. Bd2 f3 18. Bf1 fxg2 19. Bxg2 Nc4 20. Be3 Qh4 21. Qc1 Bg4 22. Ne2 Bxe2 23. Kxe2 Qg4+ 24. Kf1 Rf7 25. Kg1 Raf8 26.
Qd1 Qh4 27. Qe2 Nxe3 28. Qxe3 Rxf2 29. Rf1 Rxg2+ 30. Kxg2 Qg4+ 31. Qg3 Bxg3 32. Rxf8+ Kxf8 33. hxg3 Qf3+ 34. Kh2 Qf2+ 35. Kh3 e3 0-1

[Event "Early-Titled-Tuesday-Blitz-March-12-2024"]
[Site "Chess.com"]
[Date "2024.03.12"]
[Round "7"]
[White "josephymwale33"]
[Black "NikitaShnadrygin"]
[Result "0-1"]
[WhiteElo "2510"]
[BlackElo "2671"]
[TimeControl "180+1"]
[EndTime "9:15:11 PDT"]
[Termination "NikitaShnadrygin won by resignation"]

1. e4 c5 2. Nf3 e6 3. c4 Nc6 4. Nc3 g5 5. h3 Bg7 6. d3 h6 7.
Be2 Nge7 8. Be3 Nd4 9. Bxd4 cxd4 10. Nb5 Qb6 11. a4 a6 12. a5 Qc5 13. Na3 Qxa5+ 14. Kf1 Qc5 15. Nb5 O-O 16. Qd2 Nc6 17. Na3 Rb8 18. Nc2 b5 19. b4 Qe7 20. c5 d6 21. cxd6 Qxd6 22. g3 Bb7 23. Kg2 f5 24. h4 g4 25. Nh2 Ne5 26. f3 gxf3+ 27.
Nxf3 fxe4 28. dxe4 Bxe4 29. Nxd4 Nxf3 30. Nxf3 Qxd2 0-1

[Event "Early-Titled-Tuesday-Blitz-March-12-2024"]
[Site "Chess.com"]
[Date "2024.03.12"]
[Round "7"]
[White "Ginzburg_Yakov"]
[Black "Yan_Dyomin2010"]
[Result "0-1"]
[WhiteElo "2546"]
[BlackElo "2719"]
[TimeControl "180+1"]
[EndTime "9:15:12 PDT"]
[Termination "Yan_Dyomin2010 won by resignation"]

1. e4 c5 2. Nf3 Nc6 3. d4 cxd4 4. Nxd4 g6 5. Nc3 Bg7 6. Be3 Nf6 7. f3 O-O 8. Qd2 d5 9. exd5 Nxd5 10. Nxc6 bxc6 11. Bd4 e5 12. Bc5 Nxc3 13. Bxf8 Qxf8 14. Qxc3 e4 15.
Qxc6 Qb4+ 16. Kf2 Bb7 17. Qc4 Qd2+ 18. Be2 Bd4+ 19. Kf1 Qe3 20. Ke1 exf3 21. Rf1 Qxe2+ 22. Qxe2 fxe2 23. Kxe2 Ba6+ 24. Kd2 Bxf1 25. c3 Bxc3+ 26.
Kxc3 Bxg2 27. Re1 Bd5 28. b3 Be6 29. a4 a5 30. Re5 h5 31. h4 Kg7 32. b4 axb4+ 33.
Kxb4 Kf6 34. Rb5 Rxa4+ 35. Kxa4 Bd7 0-1

[Event "Early-Titled-Tuesday-Blitz-March-12-2024"]
[Site "Chess.com"]
[Date "2024.03.12"]
[Round "7"]
[White "MikeSailer"]
[Black "FlemingA"]
[Result "1/2-1/2"]
[WhiteElo "2145"]
[BlackElo "2417"]
[TimeControl "180+1"]
[EndTime "9:15:12 PDT"]
[Termination "Game drawn by repetition"]

1. d4 g6 2. Nf3 Bg7 3. Bf4 d6 4. e3 Nc6 5. Be2 Nf6 6. h3 O-O 7.
O-O Bf5 8. c4 Ne4 9. Nc3 a6 10.
Nxe4 Bxe4 11. a3 h6 12. b4 e5 13. Bh2 exd4 14. Nxd4 Qg5 15. Bf3 Nxd4 16. exd4 Bxf3 17. Qxf3 Bxd4 18. Rad1 Bg7 19. Qxb7 Qe7 20. Rfe1 Qd7 21. c5 Rfb8 22. Qd5 a5 23. cxd6 cxd6 24. Bxd6 Rd8 25. Re7 Qxe7 26. Bxe7 Rxd5 27. Rxd5 Re8 28. Bc5 axb4 29. axb4 Re1+ 30. Kh2 Rb1 31. g3 h5 32. Kg2 Rb2 33. Rd8+ Kh7 34. Rd7 Kg8 35. Rd8+ Kh7 36. Rd7 Kg8 37. Rd8+ 1/2-1/2

[Event "Early-Titled-Tuesday-Blitz-March-12-2024"]
[Site "Chess.com"]
[Date "2024.03.12"]
[Round "7"]
[White "Maxfan2008"]
[Black "TanitoluwaAps116"]
[Result "1-0"]
[WhiteElo "2626"]
[BlackElo "2814"]
[TimeControl "180+1"]
[EndTime "9:15:15 PDT"]
[Termination "Maxfan2008 won on time"]

1. d4 Nf6 2. c4 e6 3. Nc3 Bb4 4. Nf3 d5 5. cxd5 exd5 6. Bg5 O-O 7. e3 Bf5 8. Qb3 Bxc3+ 9. bxc3 b6 10. Bxf6 Qxf6 11. Qxd5 Nc6 12. Bb5 Na5 13. Qe5 Qxe5 14. Nxe5 f6 15. Nc6 Bd7 16. Ne7+ Kf7 17. Bxd7 Kxe7 18.
Bb5 c5 19. O-O Rac8 20. d5 Kd6 21. e4 c4 22. f4 Rc5 23. a4 Ra8 24. Ba6 Re8 25.
Rfe1 Rc7 26. Rad1 Ree7 27. Bb5 Nb3 28. e5+ fxe5 29. fxe5+ Rxe5 30. Rxe5 Kxe5 31. d6 Rc8 32. d7 Rd8 33. Re1+ Kd6 34. Re8 Kc7 35. Re7 Nc5 36.
Rxg7 h5 37. Bxc4 a5 38. Bb5 1-0

[Event "Early-Titled-Tuesday-Blitz-March-12-2024"]
[Site "Chess.com"]
[Date "2024.03.12"]
[Round "7"]
[White "venturov"]
[Black "Happy1712Drummer"]
[Result "1-0"]
[WhiteElo "2485"]
[BlackElo "2364"]
[TimeControl "180+1"]
[EndTime "9:15:16 PDT"]
[Termination "venturov won by resignation"]

1. e4 c5 2. Nf3 e6 3. d3 Nc6 4. g3 g6 5. Bg2 Bg7 6. O-O Nge7 7. c3 O-O 8. d4 cxd4 9. cxd4 d5 10. e5 Nf5 11. g4 Nh4 12. Nc3 Nxf3+ 13. Bxf3 f6 14.
exf6 Qxf6 15. Bg2 Qxd4 16. h3 Qxd1 17. Rxd1 Bd4 18. Be3 Bxe3 19. fxe3 Ne5 20. e4 dxe4 21. Nxe4 Bd7 22. Nc5 Bc6 23. Nxe6 Rf7 24. Nd8 Rc7 25.
Nxc6 Nxc6 26. Rac1 Rac8 27. Bxc6 Rxc6 28. Rxc6 Rxc6 29. Rd8+ Kg7 30. Rd7+ Kh6 31. Rxb7 Rc2 32. h4 Rc4 33. g5+ Kh5 34. Rxh7+ Kg4 35. Rxa7 Rc1+ 36.
Kf2 Rc2+ 37. Ke3 Rxb2 38. Ra4+ Kh5 39. Kd3 Rd2+ 40. Kc3 Rc2+ 41. Kd4 Kxh4 42. Kd3+ 1-0

[Event "Early-Titled-Tuesday-Blitz-March-12-2024"]
[Site "Chess.com"]
[Date "2024.03.12"]
[Round "7"]
[White "FischerKasparow"]
[Black "ViktoriyaTarasova"]
[Result "0-1"]
[WhiteElo "2090"]
[BlackElo "2313"]
[TimeControl "180+1"]
[EndTime "9:15:16 PDT"]
[Termination "ViktoriyaTarasova won by checkmate"]

1. e4 e5 2. Nf3 Nc6 3. d4 exd4 4.
Bc4 Nf6 5. e5 d5 6. Bb5 Ne4 7.
Nxd4 Bd7 8. Bxc6 bxc6 9. O-O Be7 10. f3 Nc5 11. f4 Ne4 12. f5 Bc5 13. Be3 Qe7 14. f6 Qxe5 15. fxg7 Qxg7 16. c3 Rg8 17. Qf3 Bg4 18. Qf4 Bd6 19. Qh6 Qxh6 20. Bxh6 Bh3 21.
g3 Bxf1 22. Kxf1 Kd7 23. Na3 Rg6 24. Bf4 Bxf4 25. gxf4 Rag8 26. Ke2 Rg2+ 27. Kf3 Rxh2 28. f5 Rg3+ 29. Kf4 f6 30. Nf3 Rf2 31. Ke3 Rgxf3+ 32.
Kd4 Rd2# 0-1

[Event "Early-Titled-Tuesday-Blitz-March-12-2024"]
[Site "Chess.com"]
[Date "2024.03.12"]
[Round "7"]
[White "MightyMike_009"]
[Black "BilicVladimir"]
[Result "1-0"]
[WhiteElo "2868"]
[BlackElo "2671"]
[TimeControl "180+1"]
[EndTime "9:15:20 PDT"]
[Termination "MightyMike_009 won by checkmate"]

1. d4 d5 2. c4 c6 3. Nf3 Nf6 4. e3 a6 5. Nc3 b5 6. cxd5 cxd5 7. Bd3 e6 8. O-O Nbd7 9. Ne5 Nxe5 10. dxe5 Nd7 11.
f4 Be7 12. Kh1 O-O 13. Ne2 Nc5 14. Bc2 Bb7 15. Nd4 g6 16. Bd2 Ne4 17. Be1 Rc8 18.
Rc1 Qd7 19. Ba5 f6 20. Bxe4 dxe4 21. Nf5 Bd5 22. Nxe7+ Qxe7 23. exf6 Qxf6 24. Bc3 Qf5 25. Qd4 Rxc3 26. Rxc3 g5 27. Rc7 Qg6 28. g3 h5 29.
f5 Qf6 30. Qc5 Qxb2 31. Qe7 Rxf5 32. Qh7+ Kf8 33. Rc8# 1-0

[Event "Early-Titled-Tuesday-Blitz-March-12-2024"]
[Site "Chess.com"]
[Date "2024.03.12"]
[Round "7"]
[White "Vladimir_Zakhartsov"]
[Black "platy3"]
[Result "0-1"]
[WhiteElo "2853"]
[BlackElo "2954"]
[TimeControl "180+1"]
[EndTime "9:15:22 PDT"]
[Termination "platy3 won by resignation"]

1. d4 Nf6 2. c4 e6 3. Nf3 d5 4. g3 dxc4 5. Bg2 a6 6. Ne5 Bb4+ 7. Nc3 Nd5 8. O-O Nxc3 9. bxc3 Bxc3 10. Rb1 Qxd4 11.
Qa4+ b5 12. Qa3 Qxe5 13. Bf4 Qf6 14. Bxc7 b4 15. Rxb4 Bxb4 16. Qxb4 a5 17. Qb5+ Bd7 18. Qb6 Na6 19. Bxa8 Nxc7 20. Qxc7 Qd8 21. Qa7 O-O 22. Bf3 Bb5 23. Rb1 c3 24. Qc5 Qd2 25. Be4 Bxe2 26.
Qxa5 f5 27. Bc6 c2 0-1

[Event "Early-Titled-Tuesday-Blitz-March-12-2024"]
[Site "Chess.com"]
[Date "2024.03.12"]
[Round "7"]
[White "FairChess_on_YouTube"]
[Black "DamianoLew95"]
[Result "1-0"]
[WhiteElo "3110"]
[BlackElo "2749"]
[TimeControl "180+1"]
[EndTime "9:15:22 PDT"]
[Termination "FairChess_on_YouTube won by resignation"]

1. Nf3 c5 2. c4 g6 3. Nc3 Bg7 4. g3 Nc6 5. Bg2 e6 6. O-O Nge7 7. b3 O-O 8. Bb2 d5 9. d3 d4 10. Ne4 b6 11. a3 a5 12. Qc2 e5 13. Rae1 h6 14.
e3 Bb7 15. exd4 exd4 16. Bc1 f5 17. Ned2 Qd7 18. h4 Rae8 19. Qd1 Nc8 20. Nh2 Nd6 21.
Ndf3 Kh7 22. Bf4 Nf7 23. Qd2 Nce5 24. Nxe5 Nxe5 25. Bxb7 Qxb7 26. Re2 Nf3+ 27. Nxf3 Qxf3 28. Rfe1 Qc6 29. Re7 Rxe7 30. Rxe7 Re8 31. Qe2 Rxe7 32.
Qxe7 Kg8 33. Qd8+ Kf7 34. Qc7+ 1-0

[Event "Early-Titled-Tuesday-Blitz-March-12-2024"]
[Site "Chess.com"]
[Date "2024.03.12"]
[Round "7"]
[White "DrRiebert"]
[Black "Blitzstream"]
[Result "0-1"]
[WhiteElo "2432"]
[BlackElo "2802"]
[TimeControl "180+1"]
[EndTime "9:15:24 PDT"]
[Termination "Blitzstream won by resignation"]

1. e4 c5 2. Nf3 d6 3. d4 cxd4 4. Nxd4 Nf6 5. Nc3 a6 6. Nb3 g6 7. Bg5 Bg7 8. Qd2 O-O 9. O-O-O b5 10.
e5 Ne8 11. Nd5 Nc6 12. Nd4 Nxd4 13. Nxe7+ Kh8 14. Nxg6+ hxg6 15. Bxd8 dxe5 16. Be7 Rg8 17. h4 Bf5 18. Bd3 e4 19. h5 g5 20. h6 Be5 21.
h7 Rg7 22. Bf1 Rc8 23. Qxd4 Bxd4 24. Rxd4 f6 25. Bd8 e3 26. Bd3 Bxd3 27. Rxd3 exf2 28.
Rf1 Kxh7 29. Rxf2 Kg6 30. a3 Rb7 31. g4 b4 32. a4 b3 33. c3 Rc4 34. Rdf3 Rf7 35.
Rf5 Rxa4 36. Kd2 Rxg4 37. Ra5 Rd7+ 0-1

[Event "Early-Titled-Tuesday-Blitz-March-12-2024"]
[Site "Chess.com"]
[Date "2024.03.12"]
[Round "7"]
[White "ChelsieMonica"]
[Black "Bkmzzzzz"]
[Result "1-0"]
[WhiteElo "2532"]
[BlackElo "2401"]
[TimeControl "180+1"]
[EndTime "9:15:24 PDT"]
[Termination "ChelsieMonica won by resignation"]

1. e4 d6 2. d4 Nf6 3. Nc3 e5 4.
dxe5 dxe5 5. Qxd8+ Kxd8 6. Bg5 Be6 7. O-O-O+ Nd7 8. Bxf6+ gxf6 9. f3 Bd6 10. Nb5 Ke7 11.
Nxd6 cxd6 12. Ne2 a6 13. Nc3 Rhc8 14. h4 Rc5 15. g3 b5 16. Rh2 b4 17. Na4 Rc7 18.
b3 a5 19. Bh3 Rg8 20. Bxe6 fxe6 21. g4 Rc6 22. Nb2 Nb6 23. Rhd2 d5 24. Re2 d4 25. Nd3 Rc3 26. Rg2 h6 27. Rdg1 Rgc8 28. Kb1 Na8 29. g5 hxg5 30. hxg5 fxg5 31. Nxe5 Kf6 32.
Nd3 Rg8 33. f4 Nc7 34. Rxg5 Ra8 35. Rg6+ Ke7 36. Rg7+ Kd6 37. Ne5 Rd8 38. Nf7+ 1-0

[Event "Early-Titled-Tuesday-Blitz-March-12-2024"]
[Site "Chess.com"]
[Date "2024.03.12"]
[Round "7"]
[White "Susal_De_Silva"]
[Black "snowlord"]
[Result "0-1"]
[WhiteElo "2707"]
[BlackElo "2911"]
[TimeControl "180+1"]
[EndTime "9:15:25 PDT"]
[Termination "snowlord won by checkmate"]

1. e4 c5 2. Nf3 Nc6 3. Bc4 e6 4.
O-O Nf6 5. Re1 Be7 6. e5 Nd5 7. c3 Nb6 8. Bb3 d6 9. d4 cxd4 10. cxd4 dxe5 11. dxe5 O-O 12. Qe2 Nd4 13. Nxd4 Qxd4 14.
Nc3 Bd7 15. Bc2 Bc6 16. Rd1 Qc4 17. Rd3 Rad8 18. Rh3 g6 19. Qe3 Qg4 20. Rg3 Qd4 21. Qe2 Nd5 22. Bh6 Rfe8 23. Rd1 Nxc3 24. Rxc3 Qh4 25.
Bc1 Rxd1+ 26. Qxd1 Rd8 27. Rd3 Rxd3 28. Bxd3 Qd4 29. Qe2 Qd5 30. b3 Qxg2# 0-1

[Event "Early-Titled-Tuesday-Blitz-March-12-2024"]
[Site "Chess.com"]
[Date "2024.03.12"]
[Round "7"]
[White "Dyadya81"]
[Black "vi_pranav"]
[Result "1/2-1/2"]
[WhiteElo "2924"]
[BlackElo "3041"]
[TimeControl "180+1"]
[EndTime "9:15:27 PDT"]
[Termination "Game drawn by agreement"]

1. e4 e5 2. Nf3 Nc6 3. d4 exd4 4.
Nxd4 Bc5 5. Nxc6 Qf6 6. Qf3 bxc6 7. Nd2 a5 8. Nb3 Bb6 9. a4 Qe7 10. Be3 Nf6 11. Bd3 O-O 12. O-O d6 13. Rfe1 Ng4 14.
Bxb6 cxb6 15. h3 Ne5 16. Qg3 Be6 17. Nd2 Qf6 18. Bf1 g5 19. Ra3 h6 20. Nf3 Rfd8 21.
Nd4 Bd7 22. Rd1 Re8 23. Nf3 Be6 24. Rc3 Rad8 25. Nxe5 dxe5 26. Rcd3 Rxd3 27. Qxd3 Qe7 28. b3 Kg7 29. Qd6 Qxd6 30. Rxd6 Rc8 31. Ba6 Rc7 32. Bc4 Bxc4 33. bxc4 b5 34. cxb5 cxb5 35. axb5 Rxc2 1/2-1/2

[Event "Early-Titled-Tuesday-Blitz-March-12-2024"]
[Site "Chess.com"]
[Date "2024.03.12"]
[Round "7"]
[White "Louis-Paulsen-Fan"]
[Black "pfalcon1949"]
[Result "1-0"]
[WhiteElo "2262"]
[BlackElo "1947"]
[TimeControl "180+1"]
[EndTime "9:15:29 PDT"]
[Termination "Louis-Paulsen-Fan won on time"]

1. d4 Nf6 2. Nf3 d5 3. c4 e6 4.
Nc3 Be7 5. Bg5 h6 6. Bh4 O-O 7.
e3 b6 8. Bd3 dxc4 9. Bxc4 c5 10. O-O cxd4 11. Nxd4 Bb7 12. Qe2 Nbd7 13. Rfd1 Ne4 14.
Nxe6 Nxc3 15. bxc3 fxe6 16. Bxe6+ Kh8 17. Rxd7 Qe8 18.
Rxe7 Qg6 19. Rxb7 Qxe6 20. Bg3 Qc6 21. Rc7 Qe4 22. Qc4 Qc2 23. Qd4 Rg8 24. h3 Rad8 25. Qe5 Rd2 26. Rxa7 Qb2 27. Rf1 Rc2 28. Bf4 Qxc3 29.
Qxc3 Rxc3 30. Rb1 1-0

[Event "Early-Titled-Tuesday-Blitz-March-12-2024"]
[Site "Chess.com"]
[Date "2024.03.12"]
[Round "7"]
[White "NelsonLinda"]
[Black "koncheto"]
[Result "1/2-1/2"]
[WhiteElo "2614"]
[BlackElo "2480"]
[TimeControl "180+1"]
[EndTime "9:15:35 PDT"]
[Termination "Game drawn by repetition"]

1. Nf3 Nf6 2. b3 d5 3. Bb2 Bf5 4. d3 e6 5. Nbd2 h6 6. g3 c5 7. Bg2 Nc6 8. O-O Be7 9. Re1 O-O 10. e4 Bh7 11. h4 Qc7 12. Qe2 dxe4 13. dxe4 Rfd8 14.
a3 Rac8 15. c3 Qd7 16. Rad1 Qd3 17. Qxd3 Rxd3 18. Bf1 Rd7 19. b4 Nxe4 20. b5 Nxd2 21. Rxd2 Rxd2 22. Nxd2 Na5 23. c4 Rd8 24. Bc3 b6 25.
Bxa5 bxa5 26. Nb3 a4 27. Na5 Rd2 28. Nc6 Bf6 29. Nxa7 Bd4 30. Be2 Bd3 31. Kf1 Ra2 32.
b6 Bxc4 33. b7 Rb2 34. Bxc4 Rxf2+ 35. Kg1 Re2+ 36. Kf1 Rf2+ 37. Kg1 Re2+ 38. Kf1 Rf2+ 1/2-1/2

[Event "Early-Titled-Tuesday-Blitz-March-12-2024"]
[Site "Chess.com"]
[Date "2024.03.12"]
[Round "7"]
[White "Viktoker"]
[Black "Chessdude1987"]
[Result "0-1"]
[WhiteElo "2489"]
[BlackElo "2407"]
[TimeControl "180+1"]
[EndTime "9:15:35 PDT"]
[Termination "Chessdude1987 won by checkmate"]

1. d4 e6 2. Bf4 f5 3. g4 fxg4 4. e4 c5 5. d5 e5 6. Bg3 d6 7. h3 Nf6 8. hxg4 Bxg4 9. Qd3 Nbd7 10. Nd2 Qa5 11. Bh3 O-O-O 12. Bxg4 Nxg4 13. Nf3 Be7 14. Ke2 Kb8 15. Nc4 Qc7 16. a4 Nb6 17. b3 h5 18. a5 Nxc4 19. bxc4 Ka8 20. Bh4 Rdf8 21. Bxe7 Qxe7 22. Rab1 Rxf3 23. Qxf3 Rf8 24. Qh3 Rxf2+ 25.
Kd1 Qg5 26. Qd3 Ne3+ 27. Ke1 Qg3 28. Qb3 Rxc2# 0-1

[Event "Early-Titled-Tuesday-Blitz-March-12-2024"]
[Site "Chess.com"]
[Date "2024.03.12"]
[Round "7"]
[White "WilsonPalencia21"]
[Black "LileKoridze"]
[Result "0-1"]
[WhiteElo "2557"]
[BlackElo "2450"]
[TimeControl "180+1"]
[EndTime "9:15:39 PDT"]
[Termination "LileKoridze won on time"]

1. d4 Nf6 2. c4 e6 3. Nf3 d5 4.
Nc3 Bb4 5. Bg5 O-O 6. e3 Nbd7 7. Qc2 h6 8. Bxf6 Nxf6 9. a3 Bxc3+ 10. Qxc3 b6 11.
cxd5 Nxd5 12. Qc2 Bb7 13. Be2 Rc8 14. b4 c5 15. dxc5 bxc5 16. b5 Qa5+ 17. Qd2 Qb6 18.
Rc1 Rfd8 19. O-O Nf4 20. Qb2 Nxe2+ 21. Qxe2 Qa5 22. Qb2 Bxf3 23. gxf3 c4 24. Rc3 Rb8 25. Rb1 Rd5 26. Qc2 Rbxb5 27. Rxb5 Qxb5 28. Rxc4 Rg5+ 29. Kh1 g6 30. f4 Qb7+ 31. e4 Rg4 32. Rc8+ Kh7 33. Rc7 Qb5 34. Qd1 Rxf4 35. f3 Qa5 36.
Rd7 Qxa3 37. Kg2 e5 38. Rd3 Qb2+ 39. Kg3 h5 40. h4 Qb4 41. Rd7 Qb6 42. Qd2 Qf6 0-1

[Event "Early-Titled-Tuesday-Blitz-March-12-2024"]
[Site "Chess.com"]
[Date "2024.03.12"]
[Round "7"]
[White "Zheenbekov86"]
[Black "bolwin"]
[Result "1-0"]
[WhiteElo "2436"]
[BlackElo "2251"]
[TimeControl "180+1"]
[EndTime "9:15:40 PDT"]
[Termination "Zheenbekov86 won on time"]

1. Nf3 Nf6 2. g3 d5 3. Bg2 Bf5 4. O-O e6 5. d3 Be7 6. Nbd2 O-O 7. Qe1 h6 8. e4 Bh7 9. e5 Nfd7 10. a4 c5 11. Qe2 Nc6 12. c3 Qc7 13. Re1 a6 14. h4 b5 15. Nf1 Rab8 16. axb5 axb5 17. N1h2 b4 18. Ng4 bxc3 19. bxc3 Rb3 20. Bxh6 Rxc3 21.
Bxg7 Kxg7 22. Qd2 Rxd3 23. Qh6+ Kh8 24. Ng5 Bxg5 25. hxg5 Rg8 26. Bf1 Rd2 27. Bb5 Nd4 28. Bxd7 Nf3+ 29. Kg2 Nxg5 30. Nf6 Rg7 31. Ra8+ 1-0

[Event "Early-Titled-Tuesday-Blitz-March-12-2024"]
[Site "Chess.com"]
[Date "2024.03.12"]
[Round "7"]
[White "MikeWizard"]
[Black "Matols"]
[Result "0-1"]
[WhiteElo "2081"]
[BlackElo "2355"]
[TimeControl "180+1"]
[EndTime "9:15:40 PDT"]
[Termination "Matols won by checkmate"]

1. d4 d5 2. c4 e6 3. Nc3 Nf6 4. cxd5 exd5 5. Bg5 Be7 6. Qc2 c6 7. e3 Nbd7 8. Bd3 Nh5 9. Bxe7 Qxe7 10.
Nge2 g6 11. Rb1 a5 12. g4 Nhf6 13. h3 O-O 14. Ng3 c5 15. O-O c4 16. Be2 Qe6 17. Bf3 Nb6 18. Rbe1 Re8 19. e4 dxe4 20. Ncxe4 Bd7 21. Qc1 Bc6 22. Qf4 Nbd5 23. Qh6 Qd7 24. Ng5 Nf4 25. Bxc6 Qxc6 26. N3e4 Rxe4 27. Rxe4 Nd3 28.
Re7 Qd5 29. Nxf7 Nf4 30. Ne5 Qg2# 0-1

[Event "Early-Titled-Tuesday-Blitz-March-12-2024"]
[Site "Chess.com"]
[Date "2024.03.12"]
[Round "7"]
[White "theoneandonlydaaevik"]
[Black "ValentunHulka"]
[Result "0-1"]
[WhiteElo "2517"]
[BlackElo "2726"]
[TimeControl "180+1"]
[EndTime "9:15:41 PDT"]
[Termination "ValentunHulka won by resignation"]

1. d4 Nf6 2. c4 e6 3. Nf3 d5 4. g3 dxc4 5. Bg2 Nbd7 6. Qa4 a6 7.
Qxc4 c5 8. Qc2 cxd4 9. Nxd4 Nc5 10. Be3 Be7 11. O-O O-O 12. Nc6 bxc6 13. Bxc5 Nd5 14. Rd1 Bxc5 15. Qxc5 Qf6 16. Nc3 Rb8 17. Qxc6 Rxb2 18.
Nxd5 exd5 19. Qxf6 gxf6 20. Bxd5 Rxe2 21. Kg2 Kg7 22.
Rac1 Rd8 23. Bb3 Rxd1 24. Rxd1 Be6 25. Rd6 a5 26. Ra6 Re5 27. Bxe6 fxe6 28. h4 h5 29.
Kf3 Kg6 30. Ra8 Rc5 31. Ra6 e5 32. Ke3 Rc3+ 33. Ke4 Ra3 34. f4 Ra4+ 35. Kf3 exf4 36. g4 Ra3+ 37. Kxf4 Ra4+ 38. Kf3 hxg4+ 39. Kg3 Kf5 40.
h5 Ra3+ 41. Kg2 Rxa2+ 42. Kg3 Ra3+ 43. Kg2 Kg5 44. h6 Rh3 45. Rxa5+ f5 0-1

[Event "Early-Titled-Tuesday-Blitz-March-12-2024"]
[Site "Chess.com"]
[Date "2024.03.12"]
[Round "7"]
[White "Sadykov_Ramil"]
[Black "kushagramohan"]
[Result "1-0"]
[WhiteElo "2613"]
[BlackElo "2760"]
[TimeControl "180+1"]
[EndTime "9:15:42 PDT"]
[Termination "Sadykov_Ramil won by resignation"]

1. e4 e5 2. Nf3 Nc6 3. Nc3 Nf6 4. d4 exd4 5. Nxd4 Nxe4 6. Nxc6 Nxc3 7. Nxd8 Nxd1 8. Nxf7 Kxf7 9. Bc4+ Kf6 10. Kxd1 c6 11. Be3 d5 12. Bd3 Bd6 13. Kd2 Be6 14. c3 c5 15. a3 Rhd8 16. h4 h6 17. f3 b6 18.
g4 Kf7 19. b4 Rac8 20. bxc5 bxc5 21. Rab1 Rc7 22. a4 Rcd7 23. h5 d4 24. cxd4 cxd4 25.
Bf2 Bf4+ 26. Ke2 Re7 27. Kf1 Be3 28. Bh4 Bg5 29. Bxg5 hxg5 30. h6 Kg8 31. Rb5 Bd5 32.
Rxd5 Rxd5 33. Bc4 Re5 34. Kf2 Kh7 35. hxg7+ Kxg7 36. Bxd5 Rxd5 37. Rb1 Ra5 38. Rb4 d3 39. Ke3 Rd5 40. Kd2 a5 41. Rb5 Rxb5 42. axb5 a4 43.
Kxd3 a3 44. Kc3 1-0

[Event "Early-Titled-Tuesday-Blitz-March-12-2024"]
[Site "Chess.com"]
[Date "2024.03.12"]
[Round "7"]
[White "Matibar"]
[Black "viktorskliarov"]
[Result "1-0"]
[WhiteElo "2763"]
[BlackElo "2586"]
[TimeControl "180+1"]
[EndTime "9:15:43 PDT"]
[Termination "Matibar won by resignation"]

1. a3 g6 2. Nf3 Bg7 3. d4 Nf6 4. g3 O-O 5. Bg2 d6 6. O-O c5 7. Nc3 Nc6 8. d5 Na5 9. e4 a6 10. Re1 b5 11. e5 Ng4 12. exd6 exd6 13. Bg5 Bf6 14. Qc1 Nc4 15. Ne4 Bxg5 16. Nexg5 h6 17. Ne4 Kg7 18. b3 Nb6 19. Qb2+ f6 20. Rad1 Ra7 21. b4 Nc4 22. Qa1 cxb4 23. axb4 Qb6 24. Nd4 Re7 25. h3 Nge5 26. Nc6 Nxc6 27. dxc6 Rfe8 28. Qxf6+ Kh7 29. Ng5+ hxg5 30. Rxe7+ Rxe7 31. Qxe7+ Kh6 32. Qf8+ 1-0

[Event "Early-Titled-Tuesday-Blitz-March-12-2024"]
[Site "Chess.com"]
[Date "2024.03.12"]
[Round "7"]
[White "becemix"]
[Black "Boundless_Strike"]
[Result "0-1"]
[WhiteElo "2459"]
[BlackElo "2604"]
[TimeControl "180+1"]
[EndTime "9:15:43 PDT"]
[Termination "Boundless_Strike won on time"]

1. e4 e5 2. Nc3 Nf6 3. g3 d5 4. exd5 Nxd5 5. Bg2 Nxc3 6. bxc3 Nc6 7. d3 Bd6 8. Nf3 O-O 9. Ng5 h6 10. Ne4 Be7 11.
O-O f5 12. Nd2 Be6 13. Rb1 Rb8 14. c4 Qd7 15. Re1 Bf6 16. Bb2 Nd4 17. Bxd4 Qxd4 18. Rxb7 Rxb7 19. Bxb7 Rb8 20. Nb3 Qc3 21. Bd5 Bxd5 22.
cxd5 a5 23. a4 Rb4 24. Nxa5 Rxa4 25. Nc4 Ra2 26. d6 cxd6 27. Nxd6 g6 28. Nc4 Rxc2 29. Nxe5 Bxe5 30. Qf3 Qxe1+ 0-1